 Dungeon Crawl Stone Soup version 0.14-a0-1765-g49ce880 (webtiles) character file.

172 M4edhros the Shield-Bearer (level 4, -3/31 HPs)
             Began as an Octopode Fighter on Jan 5, 2014.
             Slain by a kobold
             ... wielding a +1,+1 short sword
              (5 damage)
             ... on Level 3 of the Dungeon.
             The game lasted 00:00:51 (1094 turns).

M4edhros the Shield-Bearer (Octopode Fighter)       Turns: 1094, Time: 00:00:52

HP  -3/31        AC  1     Str 15      XL: 4   Next: 77%
MP   4/4         EV 11     Int 11      God:
Gold 70          SH 19     Dex 11      Spells:  0 memorised,  3 levels left

rFire  . . .     SeeInvis .     a - +0 trident
rCold  . . .     Clarity  .     c - +0 shield
rNeg   . . .     Conserve .     (helmet restricted)
rPois  .         rCorr    .     (no amulet)
rElec  .         rRot     .     (no ring)
SustAb . .       Spirit   .     (no ring)
rMut   .         Warding  .     (no ring)
Saprov . . .     Stasis   .     (no ring)
                                (no ring)
                                (no ring)
                                (no ring)
                                (no ring)

@: slightly resistant to hostile enchantments, fairly stealthy
A: almost no armour, amphibious, 8 rings, constrict 8, camouflage 1, gelatinous
body 1
a: no special abilities


You were on level 3 of the Dungeon.
You were not hungry.

You visited 1 branch of the dungeon, and saw 3 of its levels.

You collected 70 gold pieces.

Inventory:

Hand weapons
 a - a +0,+0 trident (weapon)
Armour
 c - a +0 shield (worn)
Magical devices
 k - a wand of magic darts (7) {unknown}
Comestibles
 d - a bread ration
 j - a pear
Scrolls
 b - a scroll of magic mapping {unknown}
 e - a scroll of random uselessness {unknown}
 f - a scroll of remove curse {unknown}
 g - a scroll of immolation {unknown}
 h - a scroll of enchant weapon II {unknown}
 i - a scroll of teleportation {unknown}
 l - a scroll of identify {unknown}


   Skills:
 - Level 3.0 Fighting
 - Level 2.0 Polearms
 - Level 3.0 Dodging
 + Level 5.3 Shields


You had 3 spell levels left.
You didn't know any spells.

Dungeon Overview and Level Annotations

Branches:
Dungeon (3/16)

Altars:
Makhleb


Innate Abilities, Weirdness & Mutations

You cannot wear most types of armour.
You are amphibious.
You can wear up to eight rings at the same time.
You can use your tentacles to constrict many enemies at once.
Your skin changes colour to match your surroundings (Stlth).
Your rubbery body absorbs attacks (AC +1).


Message History

Your grab misses the orc wizard.
The orc wizard is moderately wounded.
The kobold hits you with a short sword.
The orc wizard hits you but does no damage.
The kobold completely misses you.
You hit the orc wizard. Your grab misses the orc wizard.
The orc wizard is moderately wounded.
The orc wizard points at you and mumbles some strange words.
The puff of frost hits you!
The orc wizard hits you with an orcish dagger.
You block the kobold's attack.
You barely miss the orc wizard. Your grab misses the orc wizard.
The orc wizard is moderately wounded.
The orc wizard gestures at you while chanting.
The magic dart hits you!
* * * LOW HITPOINT WARNING * * *
The orc wizard hits you with an orcish dagger.
* * * LOW HITPOINT WARNING * * *
The kobold hits you with a short sword.
You die...

#.....# #.# #.# .#
#.....# #.##.###.##.##
......###.##.##........
##.....##.##.##........<
#.<.>.##.##.##.........
#.....##.##.##.........
#..)..>.o...........?...
##.##).......##K#####)#
###.##........##@#
....##........##o#
.......(.........#
.......(...........
###################


You could see an orc wizard and a kobold.

Vanquished Creatures
  An orc priest (D:3)
  A hound (D:2)
  Jessica (D:2)
  A giant gecko (D:1)
  2 bats
  4 goblins
  4 hobgoblins
  6 jackals (D:1)
  A giant cockroach (D:1)
  A giant newt (D:1)
  2 rats (D:1)
24 creatures vanquished.

Notes
Turn   | Place    | Note
--------------------------------------------------------------
     0 | D:1      | M4edhros, the Octopode Fighter, began the quest for the Orb.
     0 | D:1      | Reached XP level 1. HP: 16/16 MP: 1/1
    94 | D:1      | Reached XP level 2. HP: 5/21 MP: 2/2
   532 | D:1      | Reached skill level 4 in Shields
   806 | D:2      | Reached XP level 3. HP: 21/26 MP: 3/3
   827 | D:2      | Noticed Jessica
   834 | D:2      | Killed Jessica
   838 | D:2      | Reached XP level 4. HP: 28/31 MP: 4/4
   845 | D:2      | Found a burning altar of Makhleb.
   893 | D:3      | Reached skill level 5 in Shields
  1094 | D:3      | Slain by a kobold

Action                   |  1- 3 |  4- 6 || total
-------------------------+-------+-------++-------
Melee: Trident           |    52 |     9 ||    61
 Stab: Sleeping          |     1 |       ||     1
